AoeStats
← O grande

Hideout

509927580Analyzed
1v1 RM · 3d ago on Sep 28, 2026· 45m 3s· 2 players
Game mode
Random Map
Map size
Tiny (2 player)
Population
200
Speed
Normal
Resources
Standard
Victory
Conquest
Starting age
Dark Age
Ending age
Imperial Age
RankedLock teamsTeams togetherTeam positionsShared explorationLock speedFull tech treeHidden civsTurbo modeCheats
Victory
Defeat
🇸🇰 Danes · Slovakia
2257
+9
🇧🇷 Saxons · Brazil
2092
-9
O grande
10:57 Feudal Age
9:53 Loom
11:39 Double-Bit Axe
13:37 Fletching
15:28 Horse Collar
22:57 Wheelbarrow
26:15 Castle Age
25:27 Scale Mail Armor
26:58 Bodkin Arrow
27:15 Bow Saw
28:28 Guard Tower
34:29 Chain Mail Armor
34:55 Forging
35:12 Hand Cart
36:59 Town Watch
41:38 Imperial Age
40:56 Iron Casting
40:43 Heavy Plow
40:55 Squires
40:41 Arson
41:37 Gold Mining
41:45 Stone Mining
42:59 Plate Mail Armor
43:57 Ballistics
44:22 Bracer
The Illusionist
5:56 Loom
8:47 Feudal Age
9:27 Man-at-Arms
9:54 Double-Bit Axe
10:31 Arson
14:48 Town Watch
16:59 Fletching
21:20 Castle Age
19:53 Padded Archer Armor
21:59 Bodkin Arrow
22:25 Bow Saw
24:59 Horse Collar
29:25 Wheelbarrow
29:13 Crossbowman
30:14 Heavy Plow
32:23 Gold Mining
32:25 Stone Mining
34:15 Hand Cart
37:58 Imperial Age
36:49 Gold Shaft Mining
36:50 Stone Shaft Mining
36:18 Scale Mail Armor
37:27 Chain Mail Armor
37:22 Forging
37:14 Squires
37:01 Gambesons
37:47 Ballistics
37:01 Hamask
38:18 Bloodlines
38:09 Husbandry
39:09 Iron Casting
39:25 Plate Mail Armor
40:15 Conscription
40:57 Blast Furnace
40:06 Elite Jomsviking
41:19 Elite Varangian Guard
43:52 Leather Archer Armor
43:39 Bracer
Connection lost

Rejoining the realm…

Still unreachable

The connection could not be restored.

Session expired

The server has moved on; the page needs a fresh start.